 Dungeon Crawl Stone Soup version 0.19-a0-749-g66ae36b (webtiles) character file.

199 FitzyFitz the Poker (level 5, 0/45 HPs)
             Began as a Centaur Monk on June 24, 2016.
             Was a Believer of Qazlal.
             Succumbed to a water moccasin's poison
             ... on level 4 of the Dungeon.
             The game lasted 00:08:09 (3965 turns).

FitzyFitz the Poker (Centaur Monk)                  Turns: 3965, Time: 00:08:09

Health: 0/45       AC:  9    Str: 20    XL:     5   Next: 48%
Magic:  5/5        EV: 14    Int: 14    God:    Qazlal [**....]
Gold:   158        SH:  2    Dex: 16    Spells: 0 memorised, 4 levels left

rFire  . . .     SeeInvis .     a - +0 spear
rCold  . . .     Gourm    .     y - +0 ring mail
rNeg   . . .     Faith    .     (no shield)
rPois  .         Spirit   .     i - +0 helmet
rElec  .         Dismiss  .     (no cloak)
rCorr  .         Reflect  .     z - +2 pair of gloves
SustAt .         Harm     .     (no barding)
MR     .....                    g - amulet of magic regeneration
Stlth  +.........               (no ring)
                                (no ring)

@: mighty, brilliant, agile, lethally poisoned (0 -> -17), very quick, not
resistant to hostile enchantments, very unstealthy
A: hooves 3, deformed body, speed 2, tough skin 3
a: Upheaval, Renounce Religion


You were on level 4 of the Dungeon.
You worshipped Qazlal.
Qazlal was pleased with you.
You were not hungry.

You visited 2 branches of the dungeon, and saw 5 of its levels.

You collected 158 gold pieces.

Inventory:

Hand Weapons
 a - a +0 spear (weapon)
 m - a +0 spear
 x - a +2 falchion of protection
Missiles
 e - 40 bolts
 f - 83 stones (quivered)
 n - 11 poisoned needles
 p - 4 javelins of penetration
Armour
 i - a +0 helmet (worn)
 t - a +0 leather armour
 y - a +0 ring mail (worn)
 z - a +2 pair of gloves (worn)
 A - a +2 pair of boots
Jewellery
 g - an amulet of magic regeneration (around neck)
Scrolls
 b - a scroll of amnesia {unknown}
 j - a scroll of noise {unknown}
 k - 4 scrolls of identify {unknown}
 q - a scroll of random uselessness {unknown}
 u - a scroll of fear {unknown}
 v - a scroll of immolation
 w - 3 scrolls of remove curse
Comestibles
 c - 3 bread rations
 h - 2 slices of pizza
 l - a meat ration
 C - a chunk of flesh


   Skills:
 - Level 3.0 Fighting
 + Level 5.7 Polearms
 - Level 2.1 Dodging
 - Level 1.2 Stealth
 + Level 0.2 Invocations


You had 4 spell levels left.
You didn't know any spells.

Dungeon Overview and Level Annotations

Branches:
Dungeon (4/15)             Temple (1/1) D:4

Altars:
Dithmenos
Nemelex Xobeh
Pakellas
Qazlal
Sif Muna
Trog
Uskayaw
Xom
The Shining One

Annotations:
D:3 josefromcouch's ghost, amateur OgFi


Innate Abilities, Weirdness & Mutations

You have hooves in place of feet.
Armour fits poorly on your strangely shaped body.
You cover ground very quickly.
You have extremely tough skin. (AC +3)


Message History

You aren't carrying any potions.
As you read the scroll of teleportation, it crumbles to dust.
You feel strangely unstable.
* * * LOW HITPOINT WARNING * * *
You feel sick.
The water moccasin completely misses you.
* * * LOW HITPOINT WARNING * * *
You feel sick.
* * * LOW HITPOINT WARNING * * *
You feel sick.
* * * LOW HITPOINT WARNING * * *
You feel sick.
* * * LOW HITPOINT WARNING * * *
You feel sick.
* * * LOW HITPOINT WARNING * * *
You feel sick.
Your surroundings suddenly seem different.
* * * LOW HITPOINT WARNING * * *
You feel sick.
You die...

#......##...##...#........#......
#......##...##...#........#......
#.......+........#........#......
#.......#........#........#......
'.......#........#........#......
#......##...######........#######
#......##...#.............# ....
#...........#.............# (...
#......##...#...@.........+ ....
#......##...#.............#######
#......##...#.....###'#..........
#......##...#.....#...#..<)......
............#.....#...#..........
.......######.....#...#..........
.......## #.....#...#..........
........# #.....##########.....
........# #..........# +.....


There were no monsters in sight!

Vanquished Creatures
  An orc wizard (D:3)
  A worker ant (D:4)
  4 adders
  An ooze (D:4)
  An adder skeleton (D:4)
  4 worms
  5 dart slugs
  A giant gecko (D:4)
  12 orcs
  A ball python (D:4)
  5 giant cockroaches
  3 goblins
  2 hobgoblins
  7 jackals
  A quokka (D:4)
  7 bats
  3 giant newts
  8 kobolds
  5 rats
72 creatures vanquished.

Notes
Turn   | Place    | Note
--------------------------------------------------------------
     0 | D:1      | FitzyFitz the Centaur Monk began the quest for the Orb.
     0 | D:1      | Reached XP level 1. HP: 19/19 MP: 1/1
   234 | D:1      | Reached skill level 3 in Polearms
   358 | D:1      | Reached XP level 2. HP: 21/26 MP: 2/2
   549 | D:1      | Found a shimmering altar of Xom.
  1081 | D:2      | Found a shadowy altar of Dithmenos.
  1178 | D:2      | Reached XP level 3. HP: 29/31 MP: 3/3
  1378 | D:2      | Reached skill level 4 in Polearms
  1713 | D:2      | Reached XP level 4. HP: 26/38 MP: 4/4
  2776 | D:3      | Reached skill level 5 in Polearms
  2794 | D:3      | Noticed josefromcouch's ghost (amateur OgFi)
  2960 | D:3      | Found a faded altar of an unknown god.
  2967 | D:3      | Reached XP level 5. HP: 45/45 MP: 5/5
  3840 | D:4      | Found a staircase to the Ecumenical Temple.
  3855 | Temple   | Entered the Ecumenical Temple
  3870 | Temple   | Became a worshipper of Qazlal Stormbringer
  3870 | Temple   | Reached * piety under Qazlal
  3870 | Temple   | Reached ** piety under Qazlal
  3934 | D:4      | Noticed a water moccasin
  3962 | D:4      | HP: 2/45 [poisoned by a water moccasin]
  3965 | D:4      | Succumbed to a water moccasin's poison

Vault maps used:
D:1:      minmay_arrival_widening_spiral_narrow, xom_teletrap_fun
D:2:      grunt_dithmenos_smoke_and_mirrors
D:3:      ecumenical_altar_1
D:4:      guppyfry_shop_venom
Temple:   nicolae_temple_the_god_donut

Skill      XL: |  1  2  3  4 |
---------------+-------------+-----
Polearms       | 3 4 5 |  5.7
Fighting       | |  3.0
Dodging        | |  2.1
Stealth        | |  1.2
Invocations    | |  0.2

Action                   |  1- 3 |  4- 6 || total
-------------------------+-------+-------++-------
Melee: Spear             |   122 |   227 ||   349
       Kick              |    19 |    49 ||    68
Throw: Stone             |     3 |       ||     3
  Use: Scroll            |     2 |     5 ||     7
       Potion            |       |     4 ||     4
 Stab: Sleeping          |     1 |       ||     1
  Eat: Chunk             |     1 |     7 ||     8
Armor: Robe              |    21 |    25 ||    46
       Ring mail         |       |    32 ||    32
Dodge: Dodged            |    34 |    68 ||   102
